 Dungeon Crawl Stone Soup version 0.29-a0-275-g389c0b56f3 (webtiles) character file.

Game seed: 12021432997012614775

9 enile the Vexing (level 2, 0/19 HPs)
             Began as a Demonspawn Wanderer on Mar 11, 2022.
             Slain by a goblin
             ... wielding a +0 dagger
              (1 damage)
             ... on level 1 of the Dungeon.
             The game lasted 00:01:47 (699 turns).

enile the Vexing (Demonspawn Wanderer)               Turns: 699, Time: 00:01:47

Health: 0/19       AC:  3    Str: 10    XL:     2   Next: 3%
Magic:  0/3        EV: 11    Int: 14    God:
Gold:   0          SH:  4    Dex: 13    Spells: 2/3 levels left

rFire   . . .      SeeInvis .   a - +2 dagger
rCold   . . .      Faith    .   (no shield)
rNeg    . . .      Spirit   .   c - +0 robe
rPois   .          Reflect  .   (no helmet)
rElec   .          Harm     .   (no cloak)
rCorr   .          Rampage  .   (no gloves)
Will    .....                   d - +0 pair of boots
Stlth   ++........              (no amulet)
HPRegen 0.06/turn               (no ring)
MPRegen 0.08/turn               (no ring)

@: no status effects
A: condensation shield, MP-powered wands
a: no special abilities


You were on level 1 of the Dungeon.
You visited 1 branch of the dungeon, and saw 1 of its levels.

Inventory:

Hand Weapons
 a - a +2 dagger (weapon)
Armour
 c - a +0 robe (worn)
 d - a +0 pair of boots (worn)


   Skills:
 + Level 2.8 Stealth
 + Level 1.2 Spellcasting
 + Level 3.1 Hexes
 + Level 1.9 Air Magic
 + Level 1.2 Evocations


You had 2 spell levels left.
You knew the following spells:

 Your Spells              Type           Power      Damage    Failure   Level
a - Slow                  Hex            36%        N/A       7%          1

Your spell library contained the following spells:

 Spells                   Type           Power      Damage    Failure   Level
 Corpse Rot               Necr/Air       6%         N/A       26%         2
 Poisonous Vapours        Pois/Air       6%         N/A       26%         2
 Cause Fear               Hex            4%         N/A       56%         4
 Anguish                  Hex/Necr       2%         N/A       80%         4


Dungeon Overview and Level Annotations

Branches:
Dungeon (1/15)

Altars:


Innate Abilities, Weirdness & Mutations

A meltable shield of frost defends you. (SH +4)
You expend magic power (3 MP) to strengthen your wands.


Message History

Aiming: Slow (safe; 8% risk of failure)
Press: ? - help, Shift-Dir - straight line, f/p - hobgoblin
Aim: a hobgoblin (lightly wounded, chance to affect: 64%)
The hobgoblin seems to slow down.
The hobgoblin hits you.
You closely miss the hobgoblin.
The hobgoblin is lightly wounded.
As you read the scroll labelled QIMAWA GIRREWN, it crumbles to dust.
It is a scroll of enchant weapon.
Your +0 dagger glows red for a moment.
The hobgoblin barely misses you.
As you read the scroll of enchant weapon, it crumbles to dust.
Your +1 dagger glows red for a moment.
You hit the hobgoblin.
The hobgoblin is heavily wounded.
The hobgoblin hits you.
* * * LOW HITPOINT WARNING * * *
Sorry, you're not good enough to have a special ability.
Unknown command.
Unknown command.
Unknown command.
Okay, then.
Casting: Slow (safe; 8% risk of failure)
Confirm with . or Enter, or press ? or * to list all spells.
Okay, then.
You hit the hobgoblin.
You kill the hobgoblin!
You have reached level 2!
Your demonic ancestry asserts itself...
Frost condenses into a shield before you.
You barely miss the ball python.
The ball python is moderately wounded.
The ball python bites you.
* * * LOW HITPOINT WARNING * * *
The ball python grabs you. The ball python constricts you.
* * * LOW HITPOINT WARNING * * *
You hit the ball python.
You kill the ball python!
You hit the goblin.
The goblin is heavily wounded.
The goblin hits you with a +0 dagger.
You die...

. # . . . #########
... #######....@g.#
...
........#####........
... ........#
###...... ...
........#######......
... ......†..†....#
....# ...
###.###.#####.# .....
... #.# #.# .... ..
#.# #.# ##.. # #.#
#.#


You could see a goblin.

Vanquished Creatures
  2 ball pythons (D:1)
  A goblin (D:1)
  2 hobgoblins (D:1)
  A quokka (D:1)
  2 rats (D:1)
8 creatures vanquished.

Vanquished Creatures (others)
  A plant (D:1)
1 creature vanquished.

Grand Total: 9 creatures vanquished

Notes
Turn   | Place    | Note
-------+----------+-------------------------------------------
     0 | D:1      | enile the Demonspawn Wanderer began the quest for the Orb.
     0 | D:1      | enile set off with the following items: a +0 dagger, a
                  | potion of mutation, a +0 robe, a +0 pair of boots; and the
                  | following spell memorised: Slow; and the following spells
                  | available to memorise: Corpse Rot, Poisonous Vapours, Cause
                  | Fear, Anguish
     0 | D:1      | Reached XP level 1. HP: 13/13 MP: 2/2
     0 | D:1      | Gained mutation: You expend magic power (3 MP) to
                  | strengthen your wands. [potion of mutation]
   697 | D:1      | Gained mutation: A meltable shield of frost defends you.
                  | (SH +4) [demonic ancestry]
   697 | D:1      | Reached XP level 2. HP: 3/19 MP: 0/3
   699 | D:1      | Slain by a goblin

Illustrated notes

Levels and vault maps discovered:
D:1:      sevenhm_arrival_forest_fort_small_4, layout_rooms

Action                   || total
-------------------------++-------
Melee: Dagger            ||    57
 Cast: Slow              ||    11
  Use: Scroll            ||     3
       Potion            ||     1
Armor: Robe              ||    13
Dodge: Dodged            ||    28

Table legend: (Time is in decaauts)
 A = Elapsed time spent in this place.
 B = Non-inter-level travel time spent in this place.
 C = Inter-level travel time spent in this place.
 D = Time resting spent in this place.
 E = Time spent auto-exploring this place.
 F = Levels seen in this place.
 G = Mean time per level.
                   A        B        C        D        E       F      G
               +--------+--------+--------+--------+--------+-----+--------+
         Total |    707 |    707 |      0 |    119 |    465 |   1 |  707.0 |
       Dungeon |    707 |    707 |      0 |    119 |    465 |   1 |  707.0 |
               +--------+--------+--------+--------+--------+-----+--------+

Top non-repeatable levels by time:
     D:1: 707 daAuts
